 Dungeon Crawl Stone Soup version 0.18-b1-2-gd0c887e (webtiles) character file.

5334 dobroeutro the Cleaver (level 10, -6/90 HPs)
             Began as a Minotaur Fighter on Apr 28, 2016.
             Was an Elder of Okawaru.
             Mangled by a hill giant
             ... wielding a +0 giant club
              (28 damage)
             ... on level 9 of the Dungeon.
             The game lasted 00:15:19 (6363 turns).

dobroeutro the Cleaver (Minotaur Fighter)           Turns: 6363, Time: 00:15:20

Health: -6/90      AC: 13    Str: 24    XL:     10   Next: 38%
Magic:  9/9        EV: 13    Int:  7    God:    Okawaru [****..]
Gold:   507        SH: 12    Dex: 17    Spells: 0 memorised, 9 levels left

rFire  + . .     SeeInvis .     K - +0 war axe
rCold  . . .     Gourm    .     b - +0 scale mail
rNeg   . . .     Faith    .     c - +0 shield
rPois  .         Spirit   .     (helmet restricted)
rElec  .         Dismiss  .     (no cloak)
rCorr  .         Reflect  .     D - +1 pair of gloves
SustAt .         Harm     +     E - +0 pair of boots {Stlth+}
MR     .....                    G - amulet "Kac Bantip" {Harm *Drain +Inv MR- Dex+7 Slay+5}
Stlth  +.........               m - ring of wizardry
                                q - ring of flight

@: not resistant to hostile enchantments, very unstealthy
A: retaliatory headbutt, horns 2, molten scales 1, clever 1, fire resistance 1
a: Heroism, Renounce Religion, Evoke Invisibility, Evoke Flight


You were on level 9 of the Dungeon.
You worshipped Okawaru.
Okawaru was greatly pleased with you.
You were not hungry.

You visited 2 branches of the dungeon, and saw 11 of its levels.

You collected 507 gold pieces.

Inventory:

Hand Weapons
 K - a +0 war axe (weapon)
 Q - a +2 battleaxe
 T - the +8 rapier "Unank" {pierce, Str+4 Stlth+}
   (You found it on level 9 of the Dungeon)

   It inflicts extra damage upon your enemies.
   It affects your strength (+4).
   It makes you more stealthy.
Armour
 b - a +0 scale mail (worn)
 c - a +0 shield (worn)
 D - a +1 pair of gloves (worn)
 E - a +0 pair of boots of stealth (worn)
Jewellery
 m - a ring of wizardry (right hand)
 q - a ring of flight (left hand)
 y - an uncursed amulet of dismissal
 G - the amulet "Kac Bantip" (around neck) {Harm *Drain +Inv MR- Dex+7 Slay+5}
   (You found it on level 5 of the Dungeon)

   [amulet of harm]

   It increases damage dealt and taken.
   It affects your dexterity (+7).
   It affects your accuracy and damage with ranged weapons and melee attacks
   (+5).
   It affects your resistance to hostile enchantments.
   It lets you turn invisible.
Wands
 a - a wand of lightning (6/15)
 C - a wand of hasting (2/9)
 M - a wand of polymorph (18/24)
 P - a wand of paralysis (19/24)
Scrolls
 e - a scroll of magic mapping
 h - 2 scrolls of noise
 i - 6 scrolls of remove curse
 k - 2 scrolls of amnesia {unknown}
 o - 5 scrolls of identify {unknown}
 r - 3 scrolls of enchant armour {unknown}
 s - 3 scrolls of recharging {unknown}
 v - 3 scrolls of teleportation {unknown}
 F - a scroll of enchant weapon {unknown}
 H - a scroll of immolation {unknown}
 L - a scroll of random uselessness {unknown}
 N - a scroll of fog {unknown}
 U - a scroll of vulnerability {unknown}
Potions
 d - 2 potions of might
 l - 3 potions of lignification {unknown}
 n - 3 potions of brilliance {unknown}
 t - 2 potions of agility {unknown}
 u - a potion of invisibility {unknown}
 w - 3 potions of haste {unknown}
 x - 2 potions of heal wounds {unknown}
 z - 3 potions of curing
 A - 2 potions of mutation {unknown}
 B - 2 potions of degeneration {unknown}
 I - a potion of berserk rage {unknown}
 J - 2 potions of cure mutation {unknown}
 R - a potion of cancellation {unknown}
Comestibles
 f - 8 bread rations
 g - a slice of pizza
 j - 5 meat rations
 p - 3 beef jerkies
 O - 10 royal jellies


   Skills:
 + Level 8.5 Fighting
 - Level 10.5 Axes
 + Level 9.0 Armour
 + Level 6.9 Dodging
 + Level 8.2 Shields


You had 9 spell levels left.
You didn't know any spells.

Dungeon Overview and Level Annotations

Branches:
Dungeon (10/15)            Temple (1/1) D:5
   Lair: D:8-11         Orc: D:9-12

Altars:
Ashenzari
Dithmenos
Elyvilon
Fedhas
Gozag
Makhleb
Nemelex Xobeh
Okawaru
Pakellas
Qazlal
Ru
Sif Muna
Trog
Vehumet
Yredelemnul
Zin
The Shining One

Shops:
D:9 }

Annotations:
D:8 exclusion: 6 electric eels


Innate Abilities, Weirdness & Mutations

You reflexively headbutt those who attack you in melee.
You have a pair of horns on your head.
You are partially covered in molten scales (AC +1).
Your mind is acute. (Int +2)
Your flesh is heat resistant.


Message History

You hit the killer bee.
The killer bee is severely wounded.
You slash the hill giant!
The hill giant is lightly wounded.
You feel sick.
The killer bee stings you but does no damage.
You block the killer bee's attack.
You slash the killer bee!
You kill the killer bee!
Okawaru accepts your kill.
Your Armour skill increases to level 9!
You hit the hill giant.
The hill giant is moderately wounded.
You feel sick.
The hill giant hits you with a giant club!!
* * * LOW HITPOINT WARNING * * *
Drink which item? (? for menu, Esc to quit)
It was a potion of curing.
You feel better.
The hill giant hits you with a giant club!!
You die...

#.# #.# #...# ### #.#
#####...# #.# #.......# #.#
#.......#
#.#####.......##########
#######.......(...............
#..............(...###########
#####...........(..#
#.......†@...(.#
#.........C).(.#
#####....).......(.#
####.............####.#
..........######.#
#.########### ###..###..# #.#
#............ #..# #..# #.#
#............ #..# #..# #.#
#..#########. #..# #..# #.#
#..# #.


You could see a hill giant.

Vanquished Creatures
  2 trolls (D:9)
  Grinder (D:5)
  A water moccasin (D:9)
  Duvessa (D:5)
  2 orc warriors
  A black bear (D:7)
  3 ice beasts
  3 sky beasts
  4 ogres
  6 centaurs
  A crocodile (D:9)
  Blork the orc (D:4)
  2 big kobolds (D:9)
  5 giant frogs
  A water moccasin zombie (D:5)
  2 scorpions
  Dowan (D:5)
  8 killer bees
  7 wights
  An electric eel (D:8)
  3 jellies (D:8)
  5 howler monkeys
  5 crimson imps
  A centaur zombie (D:7)
  3 quasits (D:6)
  2 orc priests
  7 orc wizards
  A centaur skeleton (D:8)
  2 giant frog skeletons
  3 hounds
  3 worker ants
  A killer bee zombie (D:6)
  A hound zombie (D:7)
  A worker ant zombie (D:7)
  4 adders
  3 shadow imps
  A white imp (D:5)
  5 oozes (D:8)
  5 adder skeletons
  5 worms
  A dart slug (D:2)
  4 giant geckos
  35 orcs
  2 giant cockroaches
  6 goblins
  12 hobgoblins
  4 jackals (D:4)
  20 kobolds
  2 quokkas
  7 bats
  A giant gecko skeleton (D:5)
  3 giant newts
  3 goblin skeletons (D:5)
  3 goblin zombies (D:5)
  A hobgoblin zombie (D:5)
  A jackal skeleton (D:5)
  2 kobold skeletons (D:5)
  2 kobold zombies (D:5)
  2 orc skeletons (D:5)
  An orc zombie (D:5)
  2 quokka zombies (D:6)
  6 rats
234 creatures vanquished.

Notes
Turn   | Place    | Note
--------------------------------------------------------------
     0 | D:1      | dobroeutro the Minotaur Fighter began the quest for the Orb.
     0 | D:1      | Reached XP level 1. HP: 19/19 MP: 0/0
    58 | D:1      | Reached skill level 3 in Axes
    79 | D:1      | Reached XP level 2. HP: 23/26 MP: 1/1
   600 | D:2      | Reached skill level 4 in Axes
   700 | D:2      | Reached XP level 3. HP: 24/31 MP: 2/2
   960 | D:3      | Reached skill level 5 in Axes
  1037 | D:3      | Reached XP level 4. HP: 32/39 MP: 3/3
  1644 | D:4      | Noticed an ogre
  2007 | D:4      | Killed an ogre
  2007 | D:4      | Reached skill level 6 in Axes
  2007 | D:4      | Reached XP level 5. HP: 18/45 MP: 4/4
  2008 | D:4      | Noticed Blork the orc
  2027 | D:3      | Reached skill level 7 in Axes
  2196 | D:4      | Killed Blork the orc
  2196 | D:4      | Reached XP level 6. HP: 24/51 MP: 5/5
  2205 | D:4      | Found a shadowy altar of Dithmenos.
  2246 | D:4      | Reached skill level 8 in Axes
  2385 | D:5      | Entered Level 5 of the Dungeon
  2406 | D:5      | Reached skill level 9 in Axes
  2516 | D:5      | Reached XP level 7. HP: 54/57 MP: 6/6
  2564 | D:5      | Found a glowing golden altar of the Shining One.
  2622 | D:5      | Found an opulent altar of Gozag.
  2663 | D:5      | Noticed Grinder
  2701 | D:5      | Killed Grinder
  2701 | D:5      | Reached skill level 10 in Axes
  2814 | D:5      | Got a scorched ruby amulet
  2829 | D:5      | Identified the amulet "Kac Bantip" {Harm *Drain +Inv MR- Dex+7 Slay+5} (You found it on level 5 of the Dungeon)
  2856 | D:5      | Noticed Dowan
  2863 | D:5      | Killed Dowan
  2882 | D:5      | Found a staircase to the Ecumenical Temple.
  2882 | D:5      | Noticed Duvessa
  2887 | D:5      | Killed Duvessa
  2887 | D:5      | Reached skill level 1 in Dodging
  2897 | Temple   | Entered the Ecumenical Temple
  2943 | Temple   | Became a worshipper of Warmaster Okawaru
  3095 | D:6      | Reached XP level 8. HP: 62/66 MP: 7/7
  3212 | D:6      | Reached skill level 5 in Fighting
  3218 | D:6      | Reached * piety under Okawaru
  3218 | D:6      | Reached skill level 5 in Armour
  3218 | D:6      | Reached skill level 5 in Shields
  3640 | D:6      | Reached ** piety under Okawaru
  3647 | D:6      | Reached XP level 9. HP: 59/75 MP: 8/8
  3660 | D:6      | Gained mutation: You are partially covered in molten scales (AC +1). [mutagenic meat]
  3661 | D:6      | Gained mutation: Your flesh is heat resistant. [mutagenic meat]
  3882 | D:6      | Gained mutation: Your mind is acute. (Int +2) [mutagenic meat]
  4475 | D:7      | Found a white marble altar of Elyvilon.
  4481 | D:7      | Found a stormy altar of Qazlal.
  4493 | D:7      | Found a radiant altar of Vehumet.
  4535 | D:8      | Reached skill level 5 in Dodging
  4568 | D:8      | Reached *** piety under Okawaru
  4890 | D:8      | Found a basalt altar of Yredelemnul.
  4961 | D:8      | Found an oddly glowing altar of Pakellas.
  5604 | D:9      | Reached XP level 10. HP: 82/88 MP: 9/9
  5682 | D:9      | Reached **** piety under Okawaru
  5946 | D:9      | Got an encrusted rapier
  5947 | D:9      | Identified the +8 rapier "Unank" {pierce, Str+4 Stlth+} (You found it on level 9 of the Dungeon)
  6110 | D:9      | Found a shattered altar of Ashenzari.
  6117 | D:9      | Found Konougupn's Quality Used Wands.
  6348 | D:10     | Entered Level 10 of the Dungeon
  6353 | D:10     | Noticed a hill giant
  6363 | D:9      | Mangled by a hill giant

Skill      XL: |  1  2  3  4  5  6  7  8  9 10 |
---------------+-------------------------------+-----
Axes           | 3 4 5 6 7 9 10 | 10.5
Fighting       | 4 6 7 8 |  8.5
Armour         | 4 6 8 9 |  9.0
Dodging        | 1 3 5 6 |  6.9
Shields        | 4 5 7 8 |  8.2

Action                   |  1- 3 |  4- 6 |  7- 9 | 10-12 || total
-------------------------+-------+-------+-------+-------++-------
Melee: War axe           |    68 |   111 |   264 |    55 ||   498
       Headbutt          |     9 |    20 |    65 |    16 ||   110
  Use: Scroll            |       |       |       |     3 ||     3
       Potion            |       |       |       |     1 ||     1
 Stab: Sleeping          |       |       |     1 |       ||     1
  Eat: Chunk             |       |     5 |    13 |     3 ||    21
Armor: Scale mail        |    26 |    27 |    83 |    14 ||   150
Dodge: Dodged            |    18 |    36 |    77 |    25 ||   156
Block: Shield            |    25 |    50 |   112 |    32 ||   219
